 Dungeon Crawl Stone Soup version 0.25-a0-578-gc91f01c39c (webtiles) character file.

Game seed: 7370869334682858149, levelgen mode: deterministic

7714 Flugslaktarn the Cleaver (level 11, -1/100 HPs)
             Began as a Deep Dwarf Fighter on Mar 5, 2020.
             Was a Priest of Makhleb.
             Slain by Snorg (4 damage)
             ... on level 10 of the Dungeon.
             The game lasted 00:04:06 (5564 turns).

Flugslaktarn the Cleaver (Deep Dwarf Fighter)       Turns: 5564, Time: 00:04:06

Health: -1/100     AC: 14    Str: 23    XL:     11   Next: 0%
Magic:  8/8        EV:  7    Int:  9    God:    Makhleb [***...]
Gold:   303        SH: 11    Dex: 12    Spells: 10/10 levels left

rFire    . . .     SeeInvis .   z - +2 war axe (flame)
rCold    + . .     Gourm    .   c - +0 kite shield
rNeg     . . .     Faith    .   h - +0 chain mail {rC+}
rPois    .         Spirit   .   (no helmet)
rElec    .         Reflect  .   (no cloak)
rCorr    .         Harm     .   C - +2 pair of gloves
MR       +....                  (no boots)
Stlth    ..........             (no amulet)
HPRegen  0.00/turn              i - ring of flight
MPRegen  0.11/turn              (no ring)

@: non-regenerating
A: damage resistance, heal wounds, sense surroundings 2, no regeneration
a: Heal Wounds, Minor Destruction, Lesser Servant of Makhleb, Renounce Religion,
Evoke Flight


You were on level 10 of the Dungeon.
You worshipped Makhleb.
Makhleb was most pleased with you.
You were not hungry.

You visited 2 branches of the dungeon, and saw 11 of its levels.

You collected 303 gold pieces.

Inventory:

Hand Weapons
 a - a +0 war axe
 z - a +2 war axe of flaming (weapon)
   (You took it off Maggie on level 6 of the Dungeon)
Armour
 c - a +0 kite shield (worn)
 h - a +0 chain mail of cold resistance (worn)
   (You took it off an orc warrior on level 7 of the Dungeon)
 m - a +0 chain mail
   (You found it on level 6 of the Dungeon)
 C - a +2 pair of gloves (worn)
   (You found it on level 8 of the Dungeon)
Jewellery
 i - a ring of flight (left hand)
   (You found it on level 2 of the Dungeon)
Wands
 b - a wand of acid (14)
   (You found it on level 8 of the Dungeon)
 f - a wand of iceblast (10)
   (You found it on level 5 of the Dungeon)
Scrolls
 g - a scroll of enchant weapon
 k - 2 scrolls of magic mapping
 o - 3 scrolls of immolation
 r - a scroll of identify
 t - 2 scrolls of teleportation
 x - a scroll of remove curse
Potions
 d - 2 potions of might
 j - a potion of stabbing
 q - 4 potions of curing
 s - a potion of berserk rage
 u - 2 potions of lignification {unknown}
 v - 2 potions of flight {unknown}
 A - a potion of resistance {unknown}
 D - a potion of haste {unknown}
Comestibles
 e - 7 rations
 l - 7 chunks of flesh


   Skills:
 + Level 7.1 Fighting
 * Level 11.2 Axes
 + Level 8.5 Armour
 + Level 8.5 Shields
 + Level 7.4 Invocations


You had 10 spell levels left.
You didn't know any spells.
Your spell library was empty.

Dungeon Overview and Level Annotations

Branches:
Dungeon (10/15)            Temple (1/1) D:5            Lair (0/6) D:8
    Orc: D:9-12

Altars:
Ashenzari
Cheibriados
Dithmenos
Fedhas
Gozag
Hepliaklqana
Kikubaaqudgha
Makhleb
Nemelex Xobeh
Okawaru
Qazlal
Ru
Sif Muna
Trog
Uskayaw
Vehumet
Wu Jian
Xom
Yredelemnul
Zin
The Shining One

Annotations:
D:4 2 transporters, Flugslaktarn's ghost, amateur MiFi
D:10 Snorg


Innate Abilities, Weirdness & Mutations

You are resistant to damage.
You can heal yourself by infusing magical energy.
You passively map the area around you.
You do not regenerate.


Message History

You slice Snorg!! You burn Snorg.
Snorg is heavily wounded.
You hit the hound. You burn the hound. You block the hound's attack.
Snorg bites you but does no damage. Snorg claws you. x2
You closely miss Snorg.
Snorg is heavily wounded.
You closely miss the hound. The hound bites you but does no damage.
Snorg bites you but does no damage. You block Snorg's attack. Snorg claws you!
You block the hound's attack. Snorg bites you!!
* * * LOW HITPOINT WARNING * * *
Snorg claws you. Snorg claws you!
* * * LOW HITPOINT WARNING * * *
You feel much better. You block the hound's attack. Snorg bites you!
* * * LOW HITPOINT WARNING * * *
Snorg claws you!
* * * LOW HITPOINT WARNING * * *
You block Snorg's attack. You block the hound's attack.
The hound barely misses you.
You block Snorg's attack. x2; Snorg claws you.
You die...

....* #.).##.#
*..., * ...
#...##.# ... ,,
* ,, #...##(#
*..# , *, , *
#...##.# *..#*,
, , , #...##.#
..# ,* , ,,
#......# ..# ,
* *
#......####..#
* ,
#..##.....T..#
* , * *
#..##....@h..#*
,,
....##..###...#
, ,,, ,
.....##..#
#...# , ,
,......##..#
#...# , ,
...... #..#
#...# * , ,
,,*#..# #..:. *
* , , , #..*
#....., * , ,
,, ,, , ,,
#...###, *, **
,* #...# ,


You could see Snorg (berserk) and a hound.

Vanquished Creatures
  A two-headed ogre (D:9)
  The ghost of baljet the Skirmisher, a novice VSAr of Dithmenos (D:7)
  Joseph (D:8)
  Maggie (D:6)
  A centaur skeleton (D:10)
  Grinder (D:6)
  4 hippogriffs
  A wyvern (D:8)
  4 yaks (D:9)
  Eustachio (D:6)
  A steam dragon (D:8)
  Edmund (D:5)
  A soldier ant (D:8)
  A water moccasin (D:7)
  An ice beast (D:8)
  Duvessa (D:5)
  5 orc warriors
  A sky beast (D:7)
  5 centaurs
  4 ogres
  Blork the orc (D:5)
  2 big kobolds
  2 bullfrogs (D:8)
  A gnoll sergeant (D:8)
  Dowan (D:5)
  A scorpion (D:7)
  3 killer bees (D:7)
  2 howler monkeys (D:4)
  3 crimson imps
  A centaur zombie (D:5)
  5 hounds
  8 orc priests
  2 jellies
  11 orc wizards
  A bullfrog skeleton (D:7)
  2 iguanas
  7 worker ants
  A killer bee zombie (D:7)
  A worker ant zombie (D:6)
  7 adders
  3 shadow imps
  2 oozes
  An adder zombie (D:9)
  An adder skeleton (D:5)
  A worm (D:2)
  6 leopard geckos
  41 orcs
  A giant cockroach (D:5)
  3 hobgoblins
  3 jackals (D:4)
  4 kobolds (D:9)
  4 quokkas
  2 frilled lizards
  A quokka skeleton (D:4)
  A rat (D:3)
173 creatures vanquished.

Vanquished Creatures (others)
  A frilled lizard (D:4)
1 creature vanquished.

Grand Total: 174 creatures vanquished

Notes
Turn   | Place    | Note
-------+----------+-------------------------------------------
     0 | D:1      | Flugslaktarn the Deep Dwarf Fighter began the quest for the
                  | Orb.
     0 | D:1      | Reached XP level 1. HP: 20/20 MP: 1/1
    36 | D:2      | Reached XP level 2. HP: 17/27 MP: 2/2
    60 | D:2      | Found a radiant altar of Vehumet.
    63 | D:2      | Found a shattered altar of Ashenzari.
   113 | D:2      | Found a sacrificial altar of Ru.
   113 | D:2      | Found an ornate altar of the Wu Jian Council.
   113 | D:2      | Found an ancient bone altar of Kikubaaqudgha.
   114 | D:2      | Found a blossoming altar of Fedhas.
   116 | D:2      | Found a sparkling altar of Nemelex Xobeh.
   117 | D:2      | Found a shadowy altar of Dithmenos.
   168 | D:3      | Reached skill level 3 in Axes
   168 | D:3      | Reached XP level 3. HP: 32/33 MP: 2/2
   256 | D:4      | Reached XP level 4. HP: 33/42 MP: 3/3
   393 | D:4      | Noticed a big kobold
   407 | D:4      | Killed a big kobold
   407 | D:4      | Reached skill level 4 in Axes
   407 | D:4      | Reached XP level 5. HP: 40/49 MP: 3/3
   473 | D:4      | Reached XP level 6. HP: 27/56 MP: 4/4
   485 | D:4      | Found a transporter.
   486 | D:4      | Found a transporter.
   486 | D:4      | Noticed Flugslaktarn's ghost (amateur MiFi)
   524 | D:4      | Reached skill level 5 in Axes
  1111 | D:5      | Entered Level 5 of the Dungeon
  1157 | D:5      | Reached XP level 7. HP: 47/64 MP: 5/5
  1223 | D:5      | Reached skill level 5 in Armour
  1255 | D:5      | Reached skill level 5 in Shields
  1304 | D:5      | Reached skill level 6 in Axes
  1356 | D:5      | Found a stormy altar of Qazlal.
  1395 | D:5      | Found a shimmering blue altar of Sif Muna.
  1504 | D:5      | Noticed Duvessa
  1505 | D:5      | Noticed Dowan
  1519 | D:5      | Killed Duvessa
  1528 | D:5      | Killed Dowan
  1571 | D:5      | Found a staircase to the Ecumenical Temple.
  1598 | D:5      | Noticed Edmund
  1617 | D:5      | Killed Edmund
  1617 | D:5      | Reached XP level 8. HP: 49/73 MP: 5/5
  1634 | Temple   | Entered the Ecumenical Temple
  1697 | Temple   | Became a worshipper of Makhleb the Destroyer
  1820 | D:5      | Noticed Blork the orc
  1828 | D:5      | Killed Blork the orc
  1828 | D:5      | Reached skill level 7 in Axes
  2000 | D:6      | Reached skill level 1 in Invocations
  2198 | D:6      | Noticed Eustachio
  2255 | D:6      | Killed Eustachio
  2292 | D:6      | Noticed Grinder
  2305 | D:6      | Paralysed by Grinder for 4 turns
  2310 | D:6      | Killed Grinder
  2310 | D:6      | Reached skill level 5 in Fighting
  2520 | D:6      | Noticed Maggie
  2544 | D:6      | Killed Maggie
  2544 | D:6      | Reached skill level 8 in Axes
  2673 | D:7      | Noticed a hippogriff
  2691 | D:7      | Killed a hippogriff
  2691 | D:7      | Gained mutation: You passively map the area around you.
                  | [Deep Dwarf growth]
  2691 | D:7      | Reached XP level 9. HP: 45/81 MP: 7/7
  2893 | D:7      | Found a runed translucent door.
  2895 | D:7      | Noticed baljet's ghost (novice VSAr)
  3122 | D:7      | Killed baljet's ghost
  3122 | D:7      | Reached skill level 9 in Axes
  3270 | D:7      | Reached * piety under Makhleb
  3279 | D:7      | Reached skill level 5 in Invocations
  3644 | D:8      | Found a staircase to the Lair.
  3819 | D:8      | Reached XP level 10. HP: 81/91 MP: 9/9
  3978 | D:8      | Reached skill level 10 in Axes
  3998 | D:8      | Reached ** piety under Makhleb
  4173 | D:8      | Noticed Joseph
  4191 | D:8      | Killed Joseph
  4550 | D:9      | Noticed a two-headed ogre
  4558 | D:9      | Killed a two-headed ogre
  4558 | D:9      | Reached skill level 11 in Axes
  5471 | D:10     | Entered Level 10 of the Dungeon
  5506 | D:10     | Reached *** piety under Makhleb
  5530 | D:10     | Reached XP level 11. HP: 47/100 MP: 9/9
  5555 | D:10     | Noticed Snorg
  5563 | D:10     | HP: 3/100 [Snorg (11)]
  5564 | D:10     | Slain by Snorg

Levels and vault maps discovered:
D:1:      giann_horns, layout_rooms, chequers_hall_statues_corner_a
D:2:      layout_rooms, minitemple, elyvilon_altar_1
D:3:      layout_loops_ring, grunt_ministairs_2
D:4:      layout_basic, first_ration, gammafunk_ghost_arena, lemuel_flame_loot_1
D:5:      layout_loops_ring, lemuel_doored_altar, minmay_temple_entry_junction,
          nicolae_qazlal_general_emergency, uniq_duvessa, uniq_blork_the_orc,
          uniq_edmund
D:6:      layout_basic, hex_medium, chequers_decorated_corner, uniq_grinder,
          uniq_maggie, uniq_eustachio
D:7:      layout_loops_ring, ebering_ghost_inner_flame
D:8:      minmay_bubble_buster, layout_rooms, dpeg_oklobed_lair,
          serial_corexii_hall, corexii_hall_statues_i, corexii_hall_statues_x,
          corexii_hall_statues_deadend, chequers_hall_statues_corner_a,
          uniq_joseph
D:9:      layout_layer_cave
D:10:     layout_long_grid, basic_altar, uniq_snorg
Temple:   nicolae_temple_x_marks_the_god

Skill      XL: |  1  2  3  4  5  6  7  8  9 10 |
---------------+-------------------------------+-----
Axes           | 3 4 5 6 8 9 11 | 11.2
Fighting       | 3 4 5 6 7 |  7.1
Armour         | 4 5 6 7 8 |  8.5
Shields        | 4 5 6 7 8 |  8.5
Invocations    | 3 5 7 |  7.4

Action                   |  1- 3 |  4- 6 |  7- 9 | 10-12 || total
-------------------------+-------+-------+-------+-------++-------
Melee: War axe           |    47 |   109 |   394 |   202 ||   752
 Abil: Heal Wounds       |     1 |     6 |    18 |    12 ||    37
  Use: Scroll            |       |       |       |    15 ||    15
  Eat: Chunk             |       |       |    11 |     4 ||    15
       Ration            |       |       |       |     1 ||     1
Armor: Scale mail        |    17 |    76 |    44 |       ||   137
       Chain mail        |       |       |   206 |    98 ||   304
Dodge: Dodged            |    16 |    44 |   127 |    53 ||   240
Block: Kite shield       |    23 |    66 |   235 |   157 ||   481

Table legend:
 A = Non-vault XP
 B = Vault XP
 C = Vault XP percentage of total XP
 D = Non-vault monster count
 E = Vault monster count
 F = Vault count percentage of total count
                 A         B        C        D         E       F
            +---------+---------+-------+---------+---------+-------
      Total |    7754 |    3266 |  29.6 |     155 |      18 |  10.4
            +---------+---------+-------+---------+---------+-------
        D:1 |       7 |       0 |   0.0 |       1 |       0 |   0.0
        D:2 |      22 |       0 |   0.0 |       4 |       0 |   0.0
        D:3 |      31 |       0 |   0.0 |       5 |       0 |   0.0
        D:4 |     569 |       0 |   0.0 |      23 |       0 |   0.0
        D:5 |     491 |     479 |  49.4 |      20 |       4 |  16.7
        D:6 |     233 |     864 |  78.8 |      13 |       3 |  18.8
        D:7 |    1422 |     664 |  31.8 |      26 |       2 |   7.1
        D:8 |    1808 |    1259 |  41.0 |      25 |       9 |  26.5
        D:9 |    2602 |       0 |   0.0 |      31 |       0 |   0.0
       D:10 |     569 |       0 |   0.0 |       7 |       0 |   0.0
            +---------+---------+-------+---------+---------+-------
